 Dungeon Crawl Stone Soup version 0.27.0-1-g7a089689b8 (webtiles) character file.

Game seed: 17082567735645639569

119 horus123 the Skirmisher (level 4, -7/36 HPs)
             Began as a Demonspawn Abyssal Knight on Aug 17, 2021.
             Was a Believer of Lugonu.
             Succumbed to a scorpion's poison
             ... on level 4 of the Dungeon.
             The game lasted 00:04:19 (3312 turns).

horus123 the Skirmisher (Demonspawn Abyssal Knight) Turns: 3312, Time: 00:04:19

Health: -7/36      AC:  8    Str: 13    XL:     4   Next: 74%
Magic:  6/6        EV:  3    Int: 13    God:    Lugonu [**....]
Gold:   179        SH: 13    Dex: 15    Spells: 3/3 levels left

rFire    + . .     SeeInvis .   a - +2 hand axe
rCold    + . .     Faith    .   g - +2 kite shield
rNeg     . . .     Spirit   .   b - +0 chain mail
rPois    .         Reflect  .   (helmet restricted)
rElec    .         Harm     .   d - scarf {rC+ rF+}
rCorr    .         Rampage  .   (no gloves)
Will     .....                  (no boots)
Stlth    ..........             (no amulet)
HPRegen  0.12/turn              c - +4 ring of slaying
MPRegen  0.10/turn              (no ring)

@: lethally poisoned (-7 -> -32)
A: horns 1, thin skeletal structure 1, condensation shield
a: Renounce Religion, Depart the Abyss, Bend Space


You were on level 4 of the Dungeon.
You worshipped Lugonu.
Lugonu was pleased with you.
You visited 1 branch of the dungeon, and saw 4 of its levels.
You visited the Abyss 1 time.

You collected 179 gold pieces.

Inventory:

Hand Weapons
 a - a +2 hand axe (weapon)
 i - a +0 long sword
Armour
 b - a +0 chain mail (worn)
 d - a scarf of resistance (worn)
 g - a +2 kite shield (worn)
Jewellery
 c - a +4 ring of slaying (left hand)
Scrolls
 f - a scroll of teleportation
 h - a scroll of fog
Potions
 e - a potion of heal wounds {unknown}


   Skills:
 + Level 3.6 Fighting
 + Level 2.6 Axes
 + Level 2.5 Armour
 + Level 1.1 Dodging
 + Level 0.8 Stealth
 * Level 0.7 Shields
 * Level 3.4 Invocations


You had 3 spell levels left.
You didn't know any spells.
Your spell library contained the following spells:

 Spells                   Type           Power      Damage    Failure   Level
 Summon Small Mammal      Summ           0%         N/A       100%        1
 Call Canine Familiar     Summ           0%         N/A       100%        3
 Dazzling Flash           Conj/Hex       0%         N/A       100%        3
 Summon Guardian Golem    Hex/Summ       0%         N/A       100%        3
 Agony                    Necr           0%         N/A       100%        5
 Silence                  Hex/Air        0%         N/A       100%        5


Dungeon Overview and Level Annotations

Branches:
Dungeon (4/15)
 Temple: D:4-7

Altars:
Elyvilon
Gozag
Okawaru
Trog
Yredelemnul

Shops:
D:1 (


Innate Abilities, Weirdness & Mutations

You have a pair of small horns on your head.
You have a somewhat thin skeletal structure. (Dex +2, Stealth+)
A meltable shield of frost defends you. (SH +4)


Message History

The scorpion is moderately wounded.
The scorpion stings you. You block the scorpion's attack.
You hit the scorpion.
The scorpion is heavily wounded.
The scorpion stings you.
You closely miss the scorpion. You headbutt the scorpion.
The scorpion is severely wounded.
The scorpion stings you but does no damage. x2
You closely miss the scorpion.
You headbutt the scorpion, but do no damage.
The scorpion is severely wounded.
You block the scorpion's attack. The scorpion stings you.
You are poisoned.
The scorpion poisons you!
You barely miss the scorpion. Your headbutt misses the scorpion.
The scorpion is severely wounded.
You feel very sick. You block the scorpion's attack.
You hit the scorpion but do no damage.
The scorpion is severely wounded.
You feel very sick. You block the scorpion's attack. The scorpion stings you!
You closely miss the scorpion.
The scorpion is severely wounded.
You feel sick. You block the scorpion's attack. The scorpion stings you.
* * * LOW HITPOINT WARNING * * *
You are lethally poisoned!
The scorpion poisons you!
You hit the scorpion.
The scorpion is almost dead.
* * * LOW HITPOINT WARNING * * *
You feel very sick. The scorpion stings you.
* * * LOW HITPOINT WARNING * * *
You are more poisoned.
The scorpion poisons you! You block the scorpion's attack.
You hit the scorpion.
You headbutt the scorpion, but do no damage.
The scorpion is almost dead.
You die...

*##### *..,,,,*,**,,,,,,,*
.#...###### *.#*,,.*,,,*,,,,,**
..........###.#*,..***,*,,,,**
..............##...,,,,.,******
.###..............,,,#..,,,,,,*
..............#**,,,....,,,,,,***
.###.........######....,,,,,,,,,,
,* ###....#.......[#*,,,,,,,,,***
,****##.........@s.##.,,,,,,,,*
,,,,,...#.##........?...,,,,,,*
*,**####...........##...,,,,,,*
*,*,,,.....####.####*,,#,******
*,,,*##.....*,...$*,,,,*,*
*,,,,,......#.#.##***,,,,*
,,,,,,!..,,,*.._.,* ****,**
,,,,,,...,,,#*#.#,* *,,*
,,,,,,*,,,,,*,,..,* *,,*


You could see a scorpion.

Vanquished Creatures
  4 adders
  A worm (D:3)
  3 dart slugs
  12 endoplasms
  A giant cockroach (D:3)
  5 goblins
  5 hobgoblins
  10 jackals
  5 kobolds
  3 quokkas
  6 ball pythons
  6 bats
  2 frilled lizards
  2 rats
65 creatures vanquished.

Notes
Turn   | Place    | Note
-------+----------+-------------------------------------------
     0 | Abyss:1  | horus123 the Demonspawn Abyssal Knight began the quest for
                  | the Orb.
     0 | Abyss:1  | Reached XP level 1. HP: 18/18 MP: 2/2
    36 | Abyss:2  | Noticed a small abomination
    44 | D:1      | Escaped the Abyss
   142 | D:1      | Reached * piety under Lugonu
   205 | D:1      | Gained mutation: You have a somewhat thin skeletal
                  | structure. (Dex +2, Stealth+) [demonic ancestry]
   205 | D:1      | Reached XP level 2. HP: 20/24 MP: 4/4
   448 | D:1      | Found Amuqiadd's Weapon Emporium.
   473 | D:1      | Reached skill level 1 in Dodging
  1121 | D:1      | Gained mutation: You have a pair of small horns on your
                  | head. [demonic ancestry]
  1121 | D:1      | Reached XP level 3. HP: 27/29 MP: 5/5
  1460 | D:2      | Reached ** piety under Lugonu
  1595 | D:2      | Gained mutation: A meltable shield of frost defends you.
                  | (SH +4) [demonic ancestry]
  1595 | D:2      | Reached XP level 4. HP: 29/36 MP: 6/6
  2560 | D:3      | Found an iron altar of Okawaru.
  2560 | D:3      | Found a basalt altar of Yredelemnul.
  3283 | D:4      | Found a bloodstained altar of Trog.
  3301 | D:4      | Found an opulent altar of Gozag.
  3301 | D:4      | Noticed a scorpion
  3311 | D:4      | HP: 1/36 [scorpion (3)]
  3312 | D:4      | Succumbed to a scorpion's poison

Illustrated notes

Levels and vault maps discovered:
D:1:      mrwooster_arrival_statue, layout_basic, serial_shops, shop
D:2:      layout_basic, basic_altar
D:3:      layout_basic, gammafunk_temple_overflow_wave
D:4:      layout_rooms, old_standard_altar,
          nicolae_gozag_cash_rules_everything_around_me,
          hangedman_feature_mirror, minmay_misc_feat_cross, st_stairs_13

Skill      XL: |  1  2  3 |
---------------+----------+-----
Dodging        | 1 |  1.1
Armour         | 2 |  2.5
Axes           | 2 |  2.6
Invocations    | 3 |  3.4
Fighting       | |  3.6
Stealth        | |  0.8
Shields        | |  0.7

Action                   |  1- 3 |  4- 6 || total
-------------------------+-------+-------++-------
Melee: Hand axe          |    81 |    62 ||   143
       Headbutt          |     4 |    11 ||    15
Invok: Depart the Abyss  |     1 |       ||     1
  Use: Scroll            |     2 |     3 ||     5
 Stab: Sleeping          |     8 |     2 ||    10
Armor: Leather armour    |    26 |     2 ||    28
       Chain mail        |       |    16 ||    16
       Ring mail         |       |     3 ||     3
Dodge: Dodged            |    54 |     9 ||    63
Block: Kite shield       |       |    46 ||    46
